 Dungeon Crawl Stone Soup version 0.31-a0-986-g5e6e4ef867 (webtiles) character file.

Game seed: 9576520207445256343

23174 zenocrate the Thaumaturge (level 13, -15/144 HPs)
             Began as a Djinni Ice Elementalist on Nov 16, 2023.
             Was the Champion of Cheibriados.
             Killed from afar by a lindwurm (21 damage)
             ... with a blast of flame
             ... on level 3 of the Lair of Beasts.
             The game lasted 00:23:25 (14496 turns).

zenocrate the Thaumaturge (DjIE)                   Turns: 14496, Time: 00:23:26

Health: -15/144    AC: 30    Str: 22    XL:     13   Next: 33%
Gold:   910        EV:  2    Int: 41    God:    Cheibriados [******] SH:  0 Dex: 24

rFire   . . .        a - +8 rapier
rCold   . . .        (no shield)
rNeg    + . .        l - melded +2 robe {rF+}
rPois   ∞            t - melded +2 hat {Will+}
rElec   .            m - melded +0 cloak
rCorr   .            e - melded +0 pair of gloves
SInv    .            (boots unavailable)
Will    ++...        K - amulet of Hufo {Faith Fly rN+ Int+4 Dex-5}
Stlth   +++          c - +4 ring of protection
HPRegen 0.44/turn    C - ring of willpower
MPRegen 0.00/turn

%: faith, infuse magic (-16 HP)
@: tree-form, freezing walls, studying Dodging, very slow
A: stationary, stasis, torment immunity, boosted hp, sickness immunity, (fire
resistance 2), (cold vulnerability 1), float, innate caster, HP casting, extra
vitality 1
a: Renounce Religion, Bend Time, Temporal Distortion, Slouch, Step From Time


You were on level 3 of the Lair of Beasts.
You worshipped Cheibriados.
Cheibriados was exalted by your worship.
You were a tree.
You visited 3 branches of the dungeon, and saw 12 of its levels.

You collected 910 gold pieces.

Inventory:

Hand Weapons
 a - a +8 rapier (weapon)
 b - the +2 dagger of Irritation {pain, *Rage rF+++ Int+5}
   (You found it on level 8 of the Dungeon)

   Int+5:     It affects your intelligence (+5).
   rF+++:     It renders you almost immune to fire.
   *Rage:     It berserks you when you make melee attacks (+20% chance).
 x - the +7 whip of Hepliaklqana, Building {flame, *Slow Str+3 Int+3}
   (You found it on level 1 of the Lair of Beasts)

   Str+3:     It affects your strength (+3).
   Int+3:     It affects your intelligence (+3).
   *Slow:     It may slow you when you take damage.
Missiles
 p - 5 throwing nets
Armour
 e - a +0 pair of gloves (melded)
 i - a +0 helmet
 l - a +2 robe of fire resistance (melded)
 m - a +0 cloak (melded)
 t - a +2 hat of willpower (melded)
 O - a +1 robe of positive energy
Magical Staves
 F - a staff of earth
Jewellery
 c - a +4 ring of protection (left branch)
 y - a ring of positive energy
 C - a ring of willpower (right branch)
 E - a ring of positive energy
 K - the amulet of Hufo (around neck) {Faith Fly rN+ Int+4 Dex-5}
   (You found it on level 1 of the Lair of Beasts)

   [amulet of faith]

   Faith:     It allows you to gain divine favour quickly.
   Int+4:     It affects your intelligence (+4).
   Dex-5:     It affects your dexterity (-5).
   rN+:       It protects you from negative energy.
   Fly:       It grants you flight.
 L - a ring of protection from fire
Wands
 h - a wand of flame (12)
 k - a wand of charming (5)
 r - a wand of digging (1)
Scrolls
 d - a scroll of enchant armour
 f - 2 scrolls of teleportation
 g - 2 scrolls of immolation {unknown}
 o - 3 scrolls of fog {unknown}
 u - 2 scrolls of revelation {unknown}
 v - 3 scrolls of blinking
 w - 2 scrolls of enchant weapon
 A - a scroll of poison {unknown}
 B - a scroll of amnesia {unknown}
 D - 2 scrolls of vulnerability
 H - 2 scrolls of fear {unknown}
 J - 2 scrolls of silence {unknown}
Potions
 j - a potion of might
 q - 2 potions of lignification
 s - a potion of enlightenment
 z - a potion of attraction
 I - 2 potions of brilliance
 M - a potion of mutation
 N - a potion of magic {unknown}


   Skills:
 + Level 10.1 Fighting
 + Level 4.8 Short Blades
 + Level 5.4 Armour
 + Level 10.9 Dodging
 - Level 3.0 Stealth
 * Level 10.9 Spellcasting
 * Level 10.9 Conjurations
 * Level 10.9 Hexes
   Level 0.0 Charms
 * Level 10.9 Summonings
 * Level 10.9 Necromancy
 * Level 10.9 Translocations
 * Level 10.9 Transmutations
 * Level 10.9 Fire Magic
 * Level 10.9 Ice Magic
 * Level 10.9 Air Magic
 * Level 10.9 Earth Magic
 * Level 10.9 Poison Magic
 + Level 5.4 Invocations
 + Level 5.4 Evocations


You knew the following spells:

 Your Spells              Type           Power      Damage    Failure   Level
a - Freeze                Ice            100%       1d10      0%          1
b - Frozen Ramparts       Ice            100%       1d16      1%          3
c - Ozocubu's Armour      Ice            84%        N/A       1%          3
d - Summon Ice Beast      Ice/Summ       84%        N/A       1%          4
e - Summon Small Mammal   Summ           100%       N/A       0%          1
f - Call Imp              Summ           100%       N/A       1%          2
g - Gell's Gravitas       Tloc           84%        N/A       1%          3
h - Ignite Poison         Fire/Tmut/Pois 84%        N/A       1%          3
i - Anguish               Hex/Necr       42%        N/A       1%          4
j - Freezing Cloud        Conj/Ice/Air   42%        6-21      1%          5
Your spell library was empty.

Dungeon Overview and Level Annotations

Branches:
Dungeon (8/15)             Temple (1/1) D:7            Lair (3/5) D:8
  Swamp: Lair:2-3    Shoals: Lair:2-3     Snake: Lair:2-3    Spider: Lair:2-3

Altars:
Ashenzari
Cheibriados
Elyvilon
Fedhas
Gozag
Hepliaklqana
Makhleb
Nemelex Xobeh
Okawaru
Qazlal
Ru
Trog
Uskayaw
Wu Jian
Xom
Yredelemnul
Zin


Innate Abilities, Weirdness & Mutations

You are a tree.
Your roots penetrate the ground, keeping you stationary.
You cannot be teleported.
You are immune to unholy pain and torment.
Your maximum health is greatly increased.
Your equipment is partially melded.
You are immune to sickness and miasma.
You are immune to poison.
((Your flesh is very heat resistant. (rF++)))
((You are vulnerable to cold. (rC-)))
You float through the air rather than walking.
You learn spells naturally, not from books.
Your magical power is your life essence.
You have superior vitality. (+4 MHP)


Message History

Aiming: Freeze (safe; 0% risk of failure)
Press: ? - help, Shift-Dir - straight line, f/p - lindwurm
Aim: a lindwurm (heavily wounded)
You freeze the lindwurm.
The lindwurm is severely wounded.
* * * LOW HITPOINT WARNING * * *
The wall freezes the lindwurm.
The lindwurm bites you but does no damage.
The lindwurm claws you.
* * * LOW HITPOINT WARNING * * *
The lindwurm claws you but does no damage.
Unknown command.
Casting: Freeze (safe; 0% risk of failure)
Confirm with . or Enter, or press ? or * to list all spells.
Aiming: Freeze (safe; 0% risk of failure)
Press: ? - help, Shift-Dir - straight line, f/p - lindwurm
Aim: a lindwurm (severely wounded)
You freeze the lindwurm.
The lindwurm is severely wounded.
* * * LOW HITPOINT WARNING * * *
The wall freezes the lindwurm.
The lindwurm bites you but does no damage.
The lindwurm claws you but does no damage.
The lindwurm barely misses you.
A yak comes into view.
Unknown command.
Casting: Freeze (safe; 0% risk of failure)
Confirm with . or Enter, or press ? or * to list all spells.
Aiming: Freeze (safe; 0% risk of failure)
Press: ? - help, Shift-Dir - straight line, f/p - lindwurm
Aim: a lindwurm (almost dead)
You freeze the lindwurm!
The lindwurm is almost dead.
The yak bellows!
* * * LOW HITPOINT WARNING * * *
You hear a bellow!
The wall freezes the lindwurm but does no damage.
The lindwurm breathes flames at you. The blast of flame hits you!!
You die...

# # ..###. #### ......
#..# §≈≈≈§.# ## ##...
#≈≈..#. #..##
≈§##≈...########## ##.#.
§≈≈§≈..♣#.P##....###....
≈≈§≈≈...k.........†.....
...................####.
...................# #.
......#............# #.
.......§.####.....##
.......§.§ #.....#
....Y..§≈§≈ ##......
......≈#§≈..........


You could see a lindwurm (catching breath) and a yak.

Vanquished Creatures
  Harold (Lair:1)
  A two-headed ogre (D:7)
  A boulder beetle (Lair:1)
  A skeletal warrior (D:8)
  A lindwurm (Lair:1)
  A cyclops (D:7)
  A wolf spider (Lair:1)
  8 elephants
  Joseph (D:8)
  A black mamba (Lair:1)
  5 cane toads
  2 komodo dragons
  8 blink frogs (Lair:3)
  A wind drake (Lair:3)
  A tarantella (Lair:1)
  Sigmund (D:2)
  2 jumping spiders (Lair:1)
  2 wyverns (D:8)
  2 wraiths (D:8)
  15 yaks
  A redback (Lair:1)
  3 vampire mosquitoes (D:7)
  A basilisk (Lair:1)
  A steam dragon (D:8)
  13 water moccasins
  3 ice beasts
  Duvessa (D:4)
  An orc warrior (D:6)
  A black bear (D:4)
  4 ogres
  10 wolves
  2 lemures (D:6)
  6 kobold brigands
  6 bullfrogs
  3 scorpions
  Dowan (D:4)
  A howler monkey (D:7)
  A lava snake (Lair:1)
  A crimson imp (D:5)
  3 jellies
  4 hounds
  2 gnoll boudas
  An orc priest (D:6)
  4 sleepcaps
  Crazy Yiuf (D:2)
  3 iguanas
  3 orc wizards (D:6)
  3 hell rats (Lair:3)
  2 centaur simulacra (D:8)
  Robin (D:2)
  14 gnolls
  15 adders
  A shadow imp (D:4)
  A white imp (D:6)
  2 ufetubi (D:5)
  A worm (D:7)
  3 dart slugs
  23 orcs
  7 bats
  5 endoplasms
  4 giant cockroaches
  21 goblins
  9 hobgoblins
  4 jackals (D:4)
  47 kobolds
  4 quokkas
  8 ball pythons
  5 frilled lizards
  6 rats
323 creatures vanquished.

Vanquished Creatures (collateral kills)
  Pikel (D:6)
  A lindwurm (Lair:1)
  A moth of wrath (D:7)
  3 elephants
  A polar bear (Lair:1)
  2 basilisks (D:8)
  2 yaks (Lair:1)
  A wolf (Lair:1)
  2 lemures (D:6)
  A scorpion (D:6)
  A spectral centaur (D:8)
  A lava snake (Lair:1)
  A hell rat (Lair:3)
  4 gnolls
  2 kobolds
24 creatures vanquished.

Vanquished Creatures (others)
  A gnoll (D:4)
  A ball python (D:4)
  An endoplasm (D:4)
3 creatures vanquished.

Grand Total: 350 creatures vanquished

Notes
Turn   | Place    | Note
-------+----------+-------------------------------------------
     0 | D:1      | zenocrate the Djinni Ice Elementalist began the quest for
                  | the Orb.
     0 | D:1      | zenocrate set off with the following spells memorised:
                  | Freeze, Frozen Ramparts, Ozocubu's Armour, Summon Ice
                  | Beast.
     0 | D:1      | Reached XP level 1. HP: 15/15 MP: 0/0
    73 | D:1      | Reached XP level 2. HP: 13/22 MP: 0/0
   139 | D:1      | Reached skill level 1 in Fighting
   329 | D:1      | Reached XP level 3. HP: 23/27 MP: 0/0
   329 | D:1      | Learned a level 1 spell: Summon Small Mammal
   765 | D:2      | Noticed Robin
   943 | D:1      | Reached XP level 4. HP: 23/33 MP: 0/0
   988 | D:2      | Killed Robin
  1142 | D:2      | Found a glowing silver altar of Zin.
  1347 | D:2      | Noticed Sigmund
  1366 | D:2      | Killed Sigmund
  1367 | D:2      | Reached XP level 5. HP: 19/40 MP: 0/0
  1367 | D:2      | Learned a level 2 spell: Call Imp
  1367 | D:2      | Reached XP level 6. HP: 22/46 MP: 0/0
  1470 | D:2      | Reached skill level 5 in Spellcasting
  1470 | D:2      | Reached skill level 5 in Conjurations
  1470 | D:2      | Reached skill level 5 in Hexes
  1470 | D:2      | Reached skill level 5 in Summonings
  1470 | D:2      | Reached skill level 5 in Necromancy
  1470 | D:2      | Reached skill level 5 in Translocations
  1470 | D:2      | Reached skill level 5 in Transmutations
  1470 | D:2      | Reached skill level 5 in Fire Magic
  1470 | D:2      | Reached skill level 5 in Ice Magic
  1470 | D:2      | Reached skill level 5 in Air Magic
  1470 | D:2      | Reached skill level 5 in Earth Magic
  1470 | D:2      | Reached skill level 5 in Poison Magic
  1606 | D:2      | Found a runed translucent door.
  1687 | D:2      | Noticed Crazy Yiuf
  1900 | D:2      | Killed Crazy Yiuf
  2222 | D:3      | Reached XP level 7. HP: 29/51 MP: 0/0
  2222 | D:3      | Learned a level 3 spell: Gell's Gravitas
  2443 | D:3      | Found an ornate altar of the Wu Jian Council.
  3521 | D:4      | Reached XP level 8. HP: 51/58 MP: 0/0
  3781 | D:4      | Found a shimmering altar of Xom.
  3944 | D:4      | Noticed Dowan
  3945 | D:4      | Noticed Duvessa
  3961 | D:4      | Killed Duvessa
  3962 | D:4      | Reached skill level 5 in Fighting
  3983 | D:4      | Killed Dowan
  4710 | D:5      | Entered Level 5 of the Dungeon
  4908 | D:5      | Found a blossoming altar of Fedhas.
  5099 | D:5      | Found a burning altar of Makhleb.
  5107 | D:5      | Reached XP level 9. HP: 61/66 MP: 0/0
  5107 | D:5      | Learned a level 3 spell: Ignite Poison
  5302 | D:5      | Found a snail-covered altar of Cheibriados.
  5569 | D:5      | Became a worshipper of Cheibriados the Contemplative
  5650 | D:6      | Noticed Pikel
  5662 | D:6      | Killed Pikel
  5815 | D:6      | Found a white marble altar of Elyvilon.
  6319 | D:6      | Reached XP level 10. HP: 62/75 MP: 0/0
  6371 | D:6      | Reached * piety under Cheibriados
  6507 | D:6      | Found a hazy altar of Hepliaklqana.
  6794 | D:7      | Found an iron altar of Okawaru.
  6827 | D:7      | Noticed a cyclops
  6841 | D:7      | Killed a cyclops
  6842 | D:7      | Reached skill level 5 in Dodging
  6937 | D:7      | Noticed a two-headed ogre
  6946 | D:7      | Killed a two-headed ogre
  6946 | D:7      | Reached ** piety under Cheibriados
  7600 | D:7      | Found a staircase to the Ecumenical Temple.
  7658 | Temple   | Entered the Ecumenical Temple
  7722 | D:7      | Noticed a moth of wrath
  7726 | D:7      | Found a bloodstained altar of Trog.
  7796 | D:7      | Killed a moth of wrath
  7797 | D:7      | Reached skill level 1 in Armour
  7797 | D:7      | Reached skill level 1 in Invocations
  7797 | D:7      | Reached skill level 1 in Evocations
  8126 | D:8      | Identified the orb "Wiklygel" {light, Rampage Dex+2}
  8191 | D:8      | Reached XP level 11. HP: 54/82 MP: 0/0
  8191 | D:8      | Learned a level 4 spell: Anguish
  8613 | D:8      | Reached skill level 1 in Short Blades
  8625 | D:8      | Reached *** piety under Cheibriados
  8737 | D:8      | Found a staircase to the Lair.
  9054 | D:8      | Found a sparkling altar of Nemelex Xobeh.
  9154 | D:8      | Noticed a skeletal warrior
  9481 | D:8      | Noticed Joseph
  9497 | D:8      | Killed Joseph
  9827 | D:8      | Killed a skeletal warrior
 10003 | D:8      | Identified the +2 dagger of Irritation {pain, *Rage rF+++
                  | Int+5}
 10313 | D:12     | Identified the "Fyzuxzus"
 10313 | D:14     | Identified the "Edghalimi"
 10313 | Lair:1   | Entered Level 1 of the Lair of Beasts
 10327 | Lair:1   | Noticed an elephant
 10328 | Lair:1   | Noticed an elephant
 10329 | Lair:1   | Noticed an elephant
 10329 | Lair:1   | Noticed an elephant
 10329 | Lair:1   | Noticed an elephant
 10332 | Lair:1   | Noticed an elephant
 10351 | D:8      | Killed an elephant
 10421 | Lair:1   | Killed an elephant
 10428 | Lair:1   | Killed an elephant
 10429 | Lair:1   | Killed an elephant
 10431 | Lair:1   | Killed an elephant
 10435 | Lair:1   | Killed an elephant
 11149 | Lair:1   | Noticed Harold
 11163 | Lair:1   | Killed Harold
 11164 | Lair:1   | Reached skill level 10 in Spellcasting
 11164 | Lair:1   | Reached skill level 10 in Conjurations
 11164 | Lair:1   | Reached skill level 10 in Hexes
 11164 | Lair:1   | Reached skill level 10 in Summonings
 11164 | Lair:1   | Reached skill level 10 in Necromancy
 11164 | Lair:1   | Reached skill level 10 in Translocations
 11164 | Lair:1   | Reached skill level 10 in Transmutations
 11164 | Lair:1   | Reached skill level 10 in Fire Magic
 11164 | Lair:1   | Reached skill level 10 in Ice Magic
 11164 | Lair:1   | Reached skill level 10 in Air Magic
 11164 | Lair:1   | Reached skill level 10 in Earth Magic
 11164 | Lair:1   | Reached skill level 10 in Poison Magic
 11164 | Lair:1   | Reached XP level 12. HP: 51/89 MP: 0/0
 11538 | Lair:1   | Reached **** piety under Cheibriados
 12115 | Lair:2   | Identified the +4 falchion of War {venom, rN+ Str-2 Dex+2}
 12766 | Lair:1   | Found a runed translucent door.
 12973 | Lair:1   | Found a runed translucent gate.
 12975 | Lair:1   | Found a runed translucent gate.
 12987 | Lair:1   | Found a runed translucent gate.
 12987 | Lair:1   | Found a runed translucent gate.
 12987 | Lair:1   | Found a runed translucent gate.
 12987 | Lair:1   | Identified the +7 whip of Hepliaklqana, Building {flame,
                  | *Slow Str+3 Int+3}
 12987 | Lair:1   | Noticed a boulder beetle
 12989 | Lair:1   | Found a runed translucent gate.
 13021 | Lair:1   | Killed a boulder beetle
 13213 | Lair:1   | Reached skill level 10 in Dodging
 13378 | Lair:1   | Identified the amulet of Hufo {Faith Fly rN+ Int+4 Dex-5}
 13672 | Lair:3   | Reached ***** piety under Cheibriados
 13807 | Lair:3   | Reached XP level 13. HP: 82/96 MP: 0/0
 13807 | Lair:3   | Learned a level 5 spell: Freezing Cloud
 13821 | Lair:3   | Reached skill level 5 in Armour
 13821 | Lair:3   | Reached skill level 5 in Invocations
 13821 | Lair:3   | Reached skill level 5 in Evocations
 13860 | Lair:3   | Reached skill level 10 in Fighting
 14490 | Lair:3   | HP: 7/144 [wind drake (1)]
 14491 | Lair:3   | Reached ****** piety under Cheibriados
 14496 | Lair:3   | Killed from afar by a lindwurm

Illustrated notes

Levels and vault maps discovered:
D:1:      minmay_arrival_doors, layout_basic
D:2:      layout_rooms, basic_altar, uniq_crazy_yiuf_cottage, uniq_robin,
          uniq_sigmund
D:3:      minmay_goblin_kobold_castle, layout_basic,
          pdpol_wu_jian_five_deadly_venoms, feat_on_display
D:4:      layout_layer_cave, xom_confusion_cloud, uniq_duvessa
D:5:      layout_gridville, nicolae_overflow_hidden_temple,
          general_overflow_altar, makhleb_grotto_becter
D:6:      minmay_diamond_boxcup, layout_cave_pools,
          chequers_temple_overflow_statue_of_worship, lemuel_tele_altar,
          minmay_manual_mess, uniq_pikel
D:7:      layout_basic, mainiacjoe_overflow_alcove_4, tgw_trog,
          minmay_temple_entry_arrows
D:8:      layout_layer_cave, mainiacjoe_overflow_boulevard,
          nemelex_spade_bored_becter, david_lair_generic,
          dilly_guarded_unrand_morg, uniq_joseph
Temple:   hellmonk_temple_forest_ring
Lair:1:   gammafunk_indiana_jones, layout_cave_pods, uniq_harold
Lair:2:   layout_cave_shapes, serial_bayou_pond_b
Lair:3:   layout_gridlike, minmay_shoals_entry_beasts,
          nicolae_snake_entry_squirm, serial_bayou_shore_b,
          infiniplex_staircase_pool_2, grunt_megastairs_3

Skill      XL: |  1  2  3  4  5  6  7  8  9 10 11 12 13 |
---------------+----------------------------------------+-----
Fighting       | 1 3 4 5 7 8 9 10 | 10.1
Spellcasting   | 4 5 6 8 9 10 | 10.9
Conjurations   | 4 5 6 8 9 10 | 10.9
Hexes          | 4 5 6 8 9 10 | 10.9
Summonings     | 4 5 6 8 9 10 | 10.9
Necromancy     | 4 5 6 8 9 10 | 10.9
Translocations | 4 5 6 8 9 10 | 10.9
Transmutations | 4 5 6 8 9 10 | 10.9
Fire Magic     | 4 5 6 8 9 10 | 10.9
Ice Magic      | 4 5 6 8 9 10 | 10.9
Air Magic      | 4 5 6 8 9 10 | 10.9
Earth Magic    | 4 5 6 8 9 10 | 10.9
Poison Magic   | 4 5 6 8 9 10 | 10.9
Stealth        | 3 |  3.0
Dodging        | 7 8 10 | 10.9
Armour         | 1 3 4 5 |  5.4
Invocations    | 1 3 4 5 |  5.4
Evocations     | 1 3 4 5 |  5.4
Short Blades   | 3 4 |  4.8

Action                     |  1- 3 |  4- 6 |  7- 9 | 10-12 | 13-15 || total
---------------------------+-------+-------+-------+-------+-------++-------
  Melee: Unarmed           |     6 |       |       |       |       ||     6
         Dagger            |    15 |     7 |    13 |    80 |       ||   115
         Quarterstaff      |       |     1 |    17 |       |       ||    18
         Rapier            |       |       |       |   190 |    42 ||   232
         Punch             |       |       |       |     4 |       ||     4
   Cast: Freeze            |    45 |    52 |   138 |   145 |    44 ||   424
         Frozen Ramparts   |     2 |     4 |    28 |    39 |    11 ||    84
         Ozocubu's Armour  |       |     1 |    20 |    36 |     4 ||    61
         Summon Ice Beast  |       |       |    10 |    22 |     3 ||    35
         Call Imp          |       |       |     4 |     3 |     1 ||     8
  Evoke: Wand              |       |       |       |     3 |     2 ||     5
    Use: Potion            |       |     1 |     1 |     3 |     4 ||     9
         Scroll            |       |     5 |     3 |     8 |     1 ||    17
   Stab: Sleeping          |       |       |     2 |     3 |       ||     5
         Distracted        |       |       |       |     2 |       ||     2
 Armour: Robe              |    47 |    41 |   152 |   310 |    65 ||   615
         Skin              |       |       |       |       |    17 ||    17
  Dodge: Dodged            |    45 |    46 |   134 |   517 |   130 ||   872

Table legend: (Time is in decaauts)
 A = Elapsed time spent in this place.
 B = Non-inter-level travel time spent in this place.
 C = Inter-level travel time spent in this place.
 D = Time resting spent in this place.
 E = Time spent auto-exploring this place.
 F = Levels seen in this place.
 G = Mean time per level.
                   A        B        C        D        E       F      G
               +--------+--------+--------+--------+--------+-----+--------+
         Total |  16905 |  16308 |    597 |    417 |  13235 |  12 | 1408.8 |
       Dungeon |  11591 |  11240 |    351 |    265 |   9199 |   8 | 1448.9 |
        Temple |      1 |      1 |      0 |      0 |      0 |   1 |    1.0 |
          Lair |   5312 |   5067 |    245 |    152 |   4035 |   3 | 1770.7 |
               +--------+--------+--------+--------+--------+-----+--------+

Top non-repeatable levels by time:
  Lair:1: 3463 daAuts
     D:8: 3003 daAuts
     D:7: 1610 daAuts
     D:3: 1472 daAuts
     D:6: 1398 daAuts
     D:4: 1291 daAuts
  Lair:3: 1055 daAuts
     D:1: 976 daAuts
     D:2: 975 daAuts
     D:5: 864 daAuts
  Lair:2: 793 daAuts
  Temple: 1 daAuts
